 Dungeon Crawl Stone Soup version 0.30-a0-4-ga7cffc901d (webtiles) character file.

Game seed: 17295794650834419686

86 Sweeb the Slasher (level 4, -3/28 HPs)
             Began as a Tengu Monk on Aug 20, 2022.
             Killed from afar by an orc wizard (12 damage)
             ... with a puff of flame
             ... on level 4 of the Dungeon.
             The game lasted 00:03:33 (2351 turns).

Sweeb the Slasher (Tengu Monk)                      Turns: 2351, Time: 00:03:34

Health: -3/28      AC:  2    Str: 11    XL:     4   Next: 50%
Magic:  5/5        EV: 13    Int: 11    God:
Gold:   146        SH:  0    Dex: 18    Spells: 3/3 levels left

rFire   . . .      SeeInvis .    d - +2 spear (venom)
rCold   . . .      Faith    .    (no shield)
rNeg    . . .      Spirit   .    b - +0 robe
rPois   .          Reflect  .    (helmet restricted)
rElec   .          Harm     .    (no cloak)
rCorr   .          Rampage  .    (no gloves)
Will    .....                    (boots unavailable)
Stlth   +.........               (no amulet)
HPRegen 0.09/turn                (no ring)
MPRegen 0.09/turn                (no ring)

@: confused, ambrosia-drunk
A: beak, talons 3
a: no special abilities


You were on level 4 of the Dungeon.
You visited 1 branch of the dungeon, and saw 5 of its levels.

You collected 184 gold pieces.
You spent 38 gold pieces at shops.

Inventory:

Hand Weapons
 a - a +0 falchion
 d - a +2 spear of venom (weapon)
 e - a +0 long sword
Armour
 b - a +0 robe (worn)
Wands
 f - a wand of charming (8)
Scrolls
 i - a scroll of enchant weapon {unknown}
Potions
 c - a potion of ambrosia
 g - a potion of mutation {unknown}
 h - a potion of flight
 j - a potion of haste {unknown}


   Skills:
 + Level 3.6 Fighting
 * Level 4.6 Long Blades
 - Level 3.2 Dodging
 + Level 2.9 Stealth


You had 3 spell levels left.
You didn't know any spells.
Your spell library contained the following spells:

 Spells                   Type           Power      Damage    Failure   Level
 Animate Dead             Necr           0%         N/A       98%         4
 Haunt                    Necr/Summ      0%         N/A       100%        7
 Infestation              Necr           0%         N/A       100%        8


Dungeon Overview and Level Annotations

Branches:
Dungeon (5/15)
 Temple: D:4-7

Altars:
Nemelex Xobeh

Shops:
D:2 (((


Innate Abilities, Weirdness & Mutations

You have a beak for a mouth.
You have claws for feet.


Message History

You hear some strange, mumbled words.
You are confused.
You are too confused!
You are too confused!
You are too confused!
You bump into the rock wall.
You hear some strange, mumbled words.
You are more confused.
The hobgoblin hits you.
You bump into the rock wall.
The hobgoblin hits you but does no damage.
Something hits you.
You bump into the rock wall.
Something hits you. The hobgoblin barely misses you.
You bump into the rock wall.
The hobgoblin barely misses you. Something hits you.
You closely miss something. The hobgoblin barely misses you.
Something hits you.
You puncture the hobgoblin!
You kill the hobgoblin!
You hear some strange, mumbled words.
A puff of flame appears from out of thin air!
The puff of flame hits you! Something hits you.
* * * LOW HITPOINT WARNING * * *
You see here a hobgoblin corpse.
You miss something. Your kick misses something. Something hits you.
* * * LOW HITPOINT WARNING * * *
You're too confused to move!
Something hits you.
* * * LOW HITPOINT WARNING * * *
You are more confused.
You feel invigorated. Something hits you.
* * * LOW HITPOINT WARNING * * *
An orc comes into view. It is wielding a +0 war axe.
The orc shouts!
You hit something. Your kick misses something.
You hear some strange, mumbled words.
A puff of flame appears from out of thin air!
The puff of flame hits you!
You die...

.. ..## ...##
#..## # ##..####
.$####......#
#...........###...
#.......@.......
#$..##.>..{......o
. ######...###.
.#..<. ##.### #


You could see an orc.

Vanquished Creatures
  Robin (D:2)
  3 worms (D:2)
  A dart slug (D:2)
  8 ball pythons
  4 bats
  6 endoplasms
  2 giant cockroaches (D:2)
  14 goblins
  3 hobgoblins
  4 kobolds (D:1)
  4 quokkas (D:1)
  4 frilled lizards
  6 rats
60 creatures vanquished.

Vanquished Creatures (others)
  15 demonic plants (D:2)
  6 fungi (D:2)
  4 plants (D:2)
  6 withered plants (D:2)
31 creatures vanquished.

Grand Total: 91 creatures vanquished

Notes
Turn   | Place    | Note
-------+----------+-------------------------------------------
     0 | D:1      | Sweeb the Tengu Monk began the quest for the Orb.
     0 | D:1      | Reached XP level 1. HP: 14/14 MP: 2/2
   206 | D:1      | Reached XP level 2. HP: 19/19 MP: 3/3
   624 | D:1      | Reached skill level 4 in Long Blades
   624 | D:1      | Reached XP level 3. HP: 23/23 MP: 4/4
   943 | D:2      | Found Heedeor's Weapon Boutique.
   947 | D:2      | Bought a +0 long sword for 38 gold pieces
  1503 | D:2      | Found a faded altar of an unknown god.
  1535 | D:2      | Found Uqo Igrye's Weapon Shoppe.
  1578 | D:2      | Noticed Robin
  1599 | D:2      | Reached XP level 4. HP: 19/28 MP: 5/5
  1606 | D:2      | Killed Robin
  1949 | D:2      | Found Bota's Antique Weapon Shoppe.
  2261 | D:3      | Found a sparkling altar of Nemelex Xobeh.
  2329 | D:3      | You fall into a shaft and drop 2 floors!
  2329 | D:5      | Entered Level 5 of the Dungeon
  2331 | D:5      | Noticed an ogre
  2351 | D:4      | Killed from afar by an orc wizard

Illustrated notes

Levels and vault maps discovered:
D:1:      dpeg_arrival_short_road, layout_loops_corners
D:2:      layout_basic, shapermc_ecumenical_altar_gd, serial_shops, shop,
          shop_coins, nicolae_shop_hallway_stairs, uniq_robin
D:3:      layout_basic, overflow_temple_1_default, grunt_ministairs_10
D:4:      layout_rooms, grunt_qazlal_sundering, led_xom_imps,
          dancing_weapons_uskayaw, mainiacjoe_overflow_alcove_1,
          kennysheep_slug_shrine, minmay_bent
D:5:      layout_rooms, guppyfry_early_orc_mine

Skill      XL: |  1  2 |
---------------+-------+-----
Long Blades    | 4 |  4.6
Fighting       | |  3.6
Dodging        | |  3.2
Stealth        | |  2.9

Action                   |  1- 3 |  4- 6 || total
-------------------------+-------+-------++-------
Melee: Spear             |    67 |    31 ||    98
       Falchion          |     3 |       ||     3
       Kick              |    13 |     7 ||    20
       Peck              |     7 |     3 ||    10
       Punch             |       |     1 ||     1
  Use: Scroll            |     3 |       ||     3
       Potion            |     1 |     1 ||     2
 Stab: Sleeping          |     9 |     1 ||    10
Armor: Robe              |     6 |     3 ||     9
Dodge: Dodged            |    27 |    19 ||    46

Table legend: (Time is in decaauts)
 A = Elapsed time spent in this place.
 B = Non-inter-level travel time spent in this place.
 C = Inter-level travel time spent in this place.
 D = Time resting spent in this place.
 E = Time spent auto-exploring this place.
 F = Levels seen in this place.
 G = Mean time per level.
                   A        B        C        D        E       F      G
               +--------+--------+--------+--------+--------+-----+--------+
         Total |   2359 |   2281 |     78 |    530 |   1413 |   5 |  471.8 |
       Dungeon |   2359 |   2281 |     78 |    530 |   1413 |   5 |  471.8 |
               +--------+--------+--------+--------+--------+-----+--------+

Top non-repeatable levels by time:
     D:2: 1289 daAuts
     D:1: 946 daAuts
     D:3: 101 daAuts
     D:4: 17 daAuts
     D:5: 4 daAuts
